 Dungeon Crawl Stone Soup version 0.32-a0-886-g41c5271027 (webtiles) character file.

Game seed: 2850856950015355981

1794 Biggs the Skirmisher (level 9, -3/61 HPs)
             Began as a Coglin Hunter on Apr 2, 2024.
             Was a Believer of Okawaru.
             Slain by a killer bee (8 damage)
             ... on level 7 of the Dungeon.
             The game lasted 00:06:49 (4004 turns).

Biggs the Skirmisher (Coglin Hunter)                Turns: 4004, Time: 00:06:50

Health: -3/61      AC:  6    Str: 12    XL:     9   Next: 9%
Magic:  9/9        EV: 13    Int:  9    God:    Okawaru [**....]
Gold:   425        SH:  0    Dex: 21    Spells: 8/8 levels left

rFire   . . .        a - +2 sling {Minjun}
rCold   . . .        v - +7 sling of Responsibility {heavy, +Blink rCorr}
rNeg    . . .        A - +0 troll leather armour {Pargi}
rPois   .            (no helmet)
rElec   .            (no cloak)
rCorr   +            g - +2 pair of gloves
SInv    .            (no boots)
Will    .....        (amulet unavailable)
Stlth   ++           (ring unavailable)
HPRegen 1.10/turn    (ring unavailable)
MPRegen 0.11/turn    (no gizmo)

%: no passive effects
@: revving
A: off-hand wielding, slow wielding, warmup strikes, no jewellery, deterioration
1
a: Invent Gizmo, Renounce Religion, Evoke Blink, Heroism


You were on level 7 of the Dungeon.
You worshipped Okawaru.
Okawaru was pleased with you.
You visited 2 branches of the dungeon, and saw 8 of its levels.
You also visited: Sewer.

You collected 425 gold pieces.

Inventory:

Hand Weapons
 a - a +2 sling (weapon) {Minjun}
 d - a +0 sling {Chinhae}
 v - the +7 sling of Responsibility (offhand) {heavy, +Blink rCorr}
   (You found it on level 4 of the Dungeon)

   +Blink:    It lets you blink.
   rCorr:     It protects you from acid and corrosion.
Missiles
 c - a throwing net
Armour
 g - a +2 pair of gloves (worn)
 A - a +0 troll leather armour (worn) {Pargi}
Wands
 s - a wand of polymorph (5)
 C - a wand of flame (20)
Scrolls
 f - a scroll of immolation {unknown}
 i - 4 scrolls of teleportation {unknown}
 j - 3 scrolls of vulnerability {unknown}
 k - a scroll of fog {unknown}
 l - a scroll of fear {unknown}
 r - a scroll of amnesia {unknown}
 t - a scroll of identify {unknown}
 w - 2 scrolls of blinking {unknown}
 x - 2 scrolls of noise {unknown}
 y - 3 scrolls of enchant weapon {unknown}
 B - a scroll of poison {unknown}
Potions
 b - a potion of berserk rage {unknown}
 e - a potion of mutation
 h - a potion of attraction {unknown}
 m - a potion of resistance {unknown}
 n - a potion of degeneration {unknown}
 o - 2 potions of brilliance {unknown}
 p - 2 potions of curing
 q - 2 potions of heal wounds {unknown}
 u - a potion of invisibility {unknown}
 z - a potion of cancellation {unknown}
 D - a potion of lignification {unknown}


   Skills:
 - Level 2.0 Fighting
 - Level 10.4 Ranged Weapons
 + Level 4.1 Dodging
 - Level 0.7 Stealth


You had 8 spell levels left.
You didn't know any spells.
Your spell library contained the following spells:

 Spells                   Type           Power      Damage    Failure   Level
 Volatile Blastmotes      Fire/Tloc      0%         2d10      83%         3
 Brom's Barrelling Bould  Conj/Erth      0%         2d3       99%         4
 Fulminant Prism          Conj/Alch      0%         3d5       99%         4
 Iskenderun's Mystic Bla Conj/Tloc 0%             2d3        (+2d1     99%         4
 Fireball                 Conj/Fire      0%         3d3       100%        5
 Iskenderun's Battlesphe  Conj           0%         2d6       100%        5
 Conjure Ball Lightning   Conj/Air       0%         3x3d6     100%        6
 Orb of Destruction       Conj           0%         9d5       100%        7


Dungeon Overview and Level Annotations

Branches:
Dungeon (7/15)             Temple (1/1) D:5           Sewer (visited)

Altars:
Ashenzari
Cheibriados
Dithmenos
Elyvilon
Fedhas
Hepliaklqana
Kikubaaqudgha
Makhleb
Nemelex Xobeh
Okawaru
Ru
Sif Muna
Trog
Uskayaw
Vehumet
Wu Jian
Xom
Yredelemnul
Zin
The Shining One


Innate Abilities, Weirdness & Mutations

You can wield a second weapon in your off-hand.
It takes a long time for you to wield or remove held weapons.
Your first few attacks do less damage.
You cannot equip rings or amulets.
Your body sometimes deteriorates upon taking damage.


Message History

Fire: a) +2 sling {Minjun}
Press: ? - help, Q - select action, (/) - cycle Shift-Dir - straight line, f - killer bee
Aim: a killer bee (45% to hit)
You shoot a sling bullet. The sling bullet misses the killer bee.
You shoot a sling bullet.
The sling bullet closely misses the killer bee.
You feel very sick. The killer bee stings you.
* * * LOW HITPOINT WARNING * * *
You are more poisoned.
The killer bee poisons you! The killer bee misses you.
Unknown command.
Fire: a) +2 sling {Minjun}
Press: ? - help, Q - select action, (/) - cycle Shift-Dir - straight line, f/p - killer bee
Aim: a killer bee (45% to hit)
You shoot a sling bullet. The sling bullet hits the killer bee!
The killer bee is heavily wounded.
You shoot a sling bullet. The sling bullet hits the killer bee.
The killer bee is severely wounded.
* * * LOW HITPOINT WARNING * * *
You feel very sick. The killer bee closely misses you.
A killer bee comes into view.
The killer bee stings you.
* * * LOW HITPOINT WARNING * * *
The killer bee misses you.
The killer bee moves out of view.
Unknown command.
It was a potion of mutation.
You feel extremely strange.
You feel yourself wasting away.
* * * LOW HITPOINT WARNING * * *
You feel very sick. The killer bee barely misses you.
The killer bee stings you but does no damage.
Unknown command.
It was a potion of curing.
You feel better. The killer bee barely misses you. x2
The killer bee attacks as it pursues you!
The killer bee stings you.
* * * LOW HITPOINT WARNING * * *
The killer bee stings you!
You die...

#.......# ..
##.####......#
#.........####
#######.###..#
#......#
##...#.#
#.#...#####
#....#....
#..@#..#..#
#.##y....#
#.##.†#y.#
#........#
##........
###.###### #.#
#.# #.#


You could see 2 killer bees.

Vanquished Creatures
  Pargi (Sewer)
  2 black bears (D:5)
  2 ogres (D:6)
  An ice beast (D:5)
  A centaur (D:5)
  A phantom (D:7)
  2 brain worms (Sewer)
  A bullfrog (D:6)
  A scorpion (D:6)
  A water moccasin zombie (D:6)
  2 killer bees (D:7)
  4 bullfrog zombies (D:6)
  2 gnoll boudas
  4 hounds
  A sleepcap (D:4)
  3 iguanas
  An orc wizard (D:5)
  A howler monkey zombie (D:6)
  7 adders
  11 gnolls
  A shadow imp (D:5)
  A white imp (D:6)
  2 ribbon worms
  4 dart slugs
  6 orcs
  5 ball pythons
  5 endoplasms
  3 giant cockroaches
  6 goblins
  6 hobgoblins
  5 jackals (D:1)
  3 quokkas
  4 bats
  3 frilled lizards
  7 kobolds
  4 rats
114 creatures vanquished.

Notes
Turn   | Place    | Note
-------+----------+-------------------------------------------
     0 | D:1      | Biggs the Coglin Hunter began the quest for the Orb.
     0 | D:1      | Reached XP level 1. HP: 16/16 MP: 1/1
    88 | D:1      | Reached skill level 4 in Ranged Weapons
    88 | D:1      | Reached XP level 2. HP: 22/22 MP: 2/2
   348 | D:1      | Reached XP level 3. HP: 26/27 MP: 3/3
   578 | D:2      | Reached skill level 5 in Ranged Weapons
   613 | D:2      | Reached XP level 4. HP: 33/33 MP: 4/4
  1156 | D:2      | Found a faded altar of an unknown god.
  1374 | D:3      | Found a shimmering altar of Xom.
  1398 | D:3      | Reached XP level 5. HP: 31/38 MP: 5/5
  1883 | D:4      | Reached skill level 6 in Ranged Weapons
  1922 | D:4      | Identified the +7 sling of Responsibility {heavy, +Blink
                  | rCorr}
  2088 | D:4      | Reached XP level 6. HP: 42/44 MP: 6/6
  2292 | D:5      | Entered Level 5 of the Dungeon
  2292 | D:5      | Noticed a black bear
  2292 | D:5      | Found a staircase to the Ecumenical Temple.
  2294 | D:5      | Killed a black bear
  2303 | Temple   | Entered the Ecumenical Temple
  2316 | Temple   | Became a worshipper of Warmaster Okawaru
  2348 | D:5      | Reached skill level 7 in Ranged Weapons
  2348 | D:5      | Noticed a black bear
  2352 | D:5      | Killed a black bear
  2353 | D:5      | Reached XP level 7. HP: 50/50 MP: 7/7
  2705 | D:5      | Found a glowing drain.
  2724 | Sewer    | Entered a sewer
  2757 | Sewer    | Noticed Pargi
  2762 | Sewer    | Killed Pargi
  2762 | Sewer    | Reached * piety under Okawaru
  2763 | Sewer    | Reached skill level 8 in Ranged Weapons
  2986 | D:5      | Reached skill level 9 in Ranged Weapons
  2986 | D:5      | Reached XP level 8. HP: 56/56 MP: 8/8
  2997 | D:5      | Identified the +0 ring mail of Maryxap {^Drain +Blink rN+
                  | Stlth+}
  3204 | D:5      | Found a blossoming altar of Fedhas.
  3251 | D:6      | Reached ** piety under Okawaru
  3380 | D:6      | Reached skill level 10 in Ranged Weapons
  3449 | D:6      | Found a basalt altar of Yredelemnul.
  3624 | D:6      | Found a radiant altar of Vehumet.
  3982 | D:7      | Reached XP level 9. HP: 61/61 MP: 9/9
  4002 | D:7      | Gained mutation: Your body sometimes deteriorates upon
                  | taking damage. [potion of mutation]
  4002 | D:7      | HP: 3/61 [poisoned by a killer bee]
  4004 | D:7      | Slain by a killer bee

Illustrated notes

Levels and vault maps discovered:
D:1:      psy_arrival_dodecagon, layout_rooms, minmay_octomino_j4
D:2:      layout_loops_ring, dreamdust_ecumenical_altar_angels_and_demons
D:3:      layout_loops_ring, xom_butterflies, small_statue_intersection
D:4:      layout_gridville
D:5:      layout_basic, fedhas_bush_and_centaur_altar,
          minmay_temple_entry_statues_fountains, cheibrodos_sewer_entry_bend
D:6:      layout_loops_cross, vehumet_altar_wand_db,
          nicolae_yredelemnul_corpse_copse
D:7:      layout_basic, hangedman_abyss_or_decor_jellyfish_corner,
          serial_bayou_pond_e
Temple:   regret_index_temple_sphere_string

Skill      XL: |  1  2  3  4  5  6  7  8  9 |
---------------+----------------------------+-----
Ranged Weapons | 4 5 6 7 9 10 | 10.4
Dodging        | 3 4 |  4.1
Fighting       | |  2.0
Stealth        | |  0.7

Action                     |  1- 3 |  4- 6 |  7- 9 || total
---------------------------+-------+-------+-------++-------
   Fire: Sling             |   136 |   210 |   234 ||   580
    Use: Scroll            |     1 |       |       ||     1
         Potion            |       |       |     2 ||     2
 Armour: Leather armour    |    23 |     9 |     2 ||    34
         Troll leather arm |       |       |    19 ||    19
  Dodge: Dodged            |    13 |    11 |    20 ||    44

Table legend: (Time is in decaauts)
 A = Elapsed time spent in this place.
 B = Non-inter-level travel time spent in this place.
 C = Inter-level travel time spent in this place.
 D = Time resting spent in this place.
 E = Time spent auto-exploring this place.
 F = Levels seen in this place.
 G = Mean time per level.
                   A        B        C        D        E       F      G
               +--------+--------+--------+--------+--------+-----+--------+
         Total |   4074 |   3944 |    130 |     24 |   3240 |   9 |  452.7 |
       Dungeon |   3854 |   3748 |    106 |     24 |   3121 |   7 |  550.6 |
        Temple |     26 |      2 |     24 |      0 |      0 |   1 |   26.0 |
         Sewer |    193 |    193 |      0 |      0 |    119 |   1 |  193.0 |
               +--------+--------+--------+--------+--------+-----+--------+

Top non-repeatable levels by time:
     D:2: 809 daAuts
     D:5: 762 daAuts
     D:6: 697 daAuts
     D:3: 597 daAuts
     D:4: 487 daAuts
     D:1: 430 daAuts
   Sewer: 193 daAuts
     D:7: 69 daAuts
  Temple: 26 daAuts
